 Dungeon Crawl Stone Soup version 0.30-a0-802-gb92711bcdf (webtiles) character file.

Game seed: 8188795105413695990

2366 Pooter the Fighter (level 9, 0/115 (124) HPs)
             Began as a Minotaur Berserker on Feb 25, 2023.
             Was a Believer of Trog.
             Slain by a wight
             ... wielding a +0 halberd of protection
              (8 damage)
             ... on level 7 of the Dungeon.
             The game lasted 00:32:15 (6521 turns).

Pooter the Fighter (Minotaur Berserker)             Turns: 6521, Time: 00:32:16

HP:   0/115 (124)   AC: 12    Str: 23    XL:     9   Next: 21%
MP:   8/8           EV:  7    Int:  6    God:    Trog [**....]
Gold: 146           SH:  0    Dex: 11    Spells: 8/8 levels left

rFire   + . .      SeeInvis .    a - +0 war axe
rCold   . . .      Faith    .    (no shield)
rNeg    . . .      Spirit   .    G - +0 plate armour
rPois   .          Reflect  .    (helmet restricted)
rElec   .          Harm     .    H - +0 cloak
rCorr   .          Rampage  .    (no gloves)
Will    .....                    (no boots) Stlth
                                 (no amulet)
HPRegen 0.39/turn                F - ring of protection from fire
MPRegen 0.11/turn                (no ring)

@: berserking, drained, very quick
A: horns 2, retaliatory headbutt
a: Renounce Religion, Berserk, Trog's Hand


You were on level 7 of the Dungeon.
You worshipped Trog.
Trog was pleased with you.
You visited 1 branch of the dungeon, and saw 7 of its levels.

You collected 309 gold pieces.
You spent 163 gold pieces at shops.

Inventory:

Hand Weapons
 a - a +0 war axe (weapon)
   (You found it on level 3 of the Dungeon)
 b - a +0 shortbow
   (You took it off a centaur on level 7 of the Dungeon)
 k - a +2 whip of electrocution
   (You took it off Pikel on level 5 of the Dungeon)
 C - a +1 mace of draining
   (You found it on level 1 of the Dungeon)
 J - a +0 trident
   (You found it on level 6 of the Dungeon)
 L - a +0 sling
   (You found it on level 1 of the Dungeon)
Missiles
 p - 16 poisoned darts (quivered)
 r - 4 atropa-tipped darts
 Q - 43 stones
Armour
 G - a +0 plate armour (worn)
   (You found it on level 3 of the Dungeon)
 H - a +0 cloak (worn)
   (You found it on level 4 of the Dungeon)
Jewellery
 d - an amulet of faith {!P}
   (You took it off a kobold on level 2 of the Dungeon)
 E - a ring of ice
   (You found it on level 4 of the Dungeon)
 F - a ring of protection from fire (left hand)
   (You found it on level 1 of the Dungeon)
Wands
 f - a wand of flame (16)
   (You found it on level 6 of the Dungeon)
 u - a wand of paralysis (2)
   (You found it on level 3 of the Dungeon)
Scrolls
 c - a scroll of enchant weapon {unknown}
 h - 2 scrolls of magic mapping
 l - a scroll of summoning {unknown}
 t - 3 scrolls of teleportation {unknown}
 w - 2 scrolls of amnesia {unknown}
 y - a scroll of fog
 z - a scroll of vulnerability {unknown}
 B - a scroll of blinking {unknown}
 I - a scroll of enchant armour {unknown}
 K - 3 scrolls of immolation {!r}
Potions
 e - 2 potions of might {unknown}
 g - 3 potions of heal wounds {unknown}
 i - a potion of brilliance {unknown}
 j - 4 potions of curing {@q1}
 m - 3 potions of invisibility {unknown}
 n - 3 potions of flight
 q - a potion of magic {unknown}
 s - 4 potions of mutation {unknown}
 v - a potion of haste {unknown}
 x - 2 potions of lignification {unknown}
 A - 2 potions of attraction {unknown}
 D - a potion of ambrosia {unknown}


   Skills:
 * Level 9.3 Fighting
 * Level 9.0(9.2) Axes
 - Level 2.4(6.2) Maces & Flails
 * Level 7.5 Ranged Weapons
 - Level 2.4 Armour
 - Level 2.1 Dodging


You had 8 spell levels left.
You didn't know any spells.
Your spell library was empty.

Dungeon Overview and Level Annotations

Branches:
Dungeon (7/15)             Temple (0/1) D:4

Altars:
Ashenzari
Cheibriados
Elyvilon
Nemelex Xobeh
Ru
Sif Muna
Vehumet
Wu Jian
The Shining One

Shops:
D:1 !   D:2 (*

Annotations:
D:3 1 runed translucent door, Crazy Yiuf
D:6 2 transporters, tarna41's ghost, novice OpBe


Innate Abilities, Weirdness & Mutations

You have a pair of horns on your head.
You reflexively headbutt those who attack you in melee.


Message History

You hit the wight but do no damage. x2
The wight hits you from afar with a +0 halberd of protection!
You feel drained.
* * * LOW HITPOINT WARNING * * *
The wight hits you but does no damage. x2
Unknown command.
You hit the wight. You closely miss the wight. The wight barely misses you.
You furiously retaliate!
You headbutt the wight!
The wight hits you but does no damage. x2
You hit the wight. You headbutt the wight. You hit the wight but do no damage.
The wight barely misses you.
The wight hits you from afar with a +0 halberd of protection!
* * * LOW HITPOINT WARNING * * *
The wight barely misses you. You furiously retaliate!
You headbutt the wight.
Okay, then.
Really read
o - a scroll of poison {!r}?
Really read the scroll of poison?
The air fills with toxic fumes!
As you read the scroll of poison {!r}, it crumbles to dust.
The wight hits you with a +0 short sword.
* * * LOW HITPOINT WARNING * * *
You feel drained.
* * * LOW HITPOINT WARNING * * *
The wight hits you from afar with a +0 halberd of protection!
* * * LOW HITPOINT WARNING * * *
You feel drained.
* * * LOW HITPOINT WARNING * * *
The wight closely misses you.
You slash the wight!
You destroy the wight!
Trog accepts your kill.
You slash the wight!
You destroy the wight!
Trog accepts your kill.
Your skin stops crawling.
You feel less strong-willed.
The wight hits you from afar with a +0 halberd of protection.
* * * LOW HITPOINT WARNING * * *
Your Axes skill increases to level 9!
A red film seems to cover your vision as you go berserk!
You feel yourself moving faster!
You feel mighty!
The killer bee stings you but does no damage.
The wight barely misses you.
The killer bee stings you but does no damage. x2
You hit the killer bee. Your headbutt misses the killer bee.
You slash the killer bee! The killer bee stings you.
* * * LOW HITPOINT WARNING * * *
The killer bee barely misses you. You furiously retaliate!
You headbutt the killer bee!
The wight hits you from afar with a +0 halberd of protection!
You die...

###........##........# ##
.#......#§§...§§.§§§§#...
<.......#§§§###§.§#§§#...
......###§§§###§.§§§§#...
......###§§§§#§§#§§§§#y?.
.......##§§§§§§§§§§§§#l).
#......#.§§§§§§§§§§§§#.
.......#.§§§§§§§§§§§§#
...##..##§§§§§§§@y.§§#
.####...#§§§§§§##y§§§§§§.
# ###..§§§§§...z#y§§§§.
#.§#§§.....§.§###.
..####...§§§.§#
#.###§§§.§§ #. §§§##§. h
§§§# .#


You could see a wyvern, 4 killer bees and a wight.

Vanquished Creatures
  Pikel (D:5)
  A steam dragon (D:6)
  Edmund (D:5)
  Duvessa (D:4)
  A sky beast (D:6)
  An ice beast (D:5)
  A centaur (D:7)
  4 lemures (D:5)
  5 scorpions
  A necrophage (D:6)
  9 wights
  Dowan (D:4)
  A howler monkey (D:6)
  2 hounds (D:5)
  A jelly (D:6)
  2 orc priests
  2 iguanas
  2 orc wizards
  3 gnolls (D:5)
  4 adders
  A shadow imp (D:6)
  3 ufetubi (D:5)
  3 worms
  A dart slug (D:3)
  7 orcs
  7 bats
  4 endoplasms
  12 giant cockroaches (D:3)
  3 hobgoblins (D:2)
  8 jackals (D:1)
  4 kobolds
  2 quokkas
  3 ball pythons (D:3)
  A frilled lizard (D:3)
  10 goblins
  8 rats
121 creatures vanquished.

Vanquished Creatures (others)
  An orc wizard (D:6)
  7 plants
8 creatures vanquished.

Grand Total: 129 creatures vanquished

Notes
Turn   | Place    | Note
-------+----------+-------------------------------------------
     0 | D:1      | Pooter the Minotaur Berserker began the quest for the Orb.
     0 | D:1      | Reached XP level 1. HP: 19/19 MP: 0/0
     6 | D:1      | Noticed a black bear
     6 | D:1      | Noticed an iguana
     6 | D:1      | Noticed a four-headed hydra
     6 | D:1      | Noticed a lindwurm
   118 | D:1      | Reached XP level 2. HP: 27/27 MP: 1/1
   227 | D:1      | Found a faded altar of an unknown god.
   345 | D:1      | Found Asotauto's Distillery.
   347 | D:1      | Bought a potion of degeneration for 13 gold pieces
   787 | D:2      | Noticed a scorpion
   796 | D:2      | Killed a scorpion
   797 | D:2      | Reached skill level 1 in Maces & Flails
   797 | D:2      | Reached skill level 1 in Ranged Weapons
   797 | D:2      | Reached XP level 3. HP: 16/35 MP: 2/2
   797 | D:2      | Reached XP level 4. HP: 18/41 MP: 3/3
  1070 | D:1      | Bought a potion of flight for 39 gold pieces
  1087 | D:2      | Found Olentoych's Assorted Antiques.
  1096 | D:2      | Bought a scroll labelled SEJERU ULL for 24 gold pieces
  1203 | D:2      | Found Qochioch's Weapon Boutique.
  1471 | D:2      | Reached ** piety under Trog
  1848 | D:3      | Reached skill level 5 in Fighting
  2036 | D:2      | Bought a scroll labelled SYFURAU ACLI for 24 gold pieces
  2066 | D:3      | Found a runed translucent door.
  2067 | D:3      | Noticed Crazy Yiuf
  2083 | D:3      | Reached XP level 5. HP: 48/48 MP: 4/4
  2236 | D:3      | Found a sparkling altar of Nemelex Xobeh.
  2258 | D:3      | You fall into a shaft and drop 2 floors!
  2258 | D:5      | Entered Level 5 of the Dungeon
  2277 | D:5      | Found a snail-covered altar of Cheibriados.
  2531 | D:4      | Found a sacrificial altar of Ru.
  2624 | D:4      | Noticed Duvessa
  2624 | D:4      | Noticed Dowan
  2630 | D:4      | Killed Duvessa
  2631 | D:4      | Killed Dowan
  2632 | D:4      | Reached skill level 5 in Axes
  2632 | D:4      | Reached XP level 6. HP: 57/57 MP: 5/5
  2677 | D:4      | Found an ornate altar of the Wu Jian Council.
  2730 | D:4      | Found a glowing golden altar of the Shining One.
  2813 | D:3      | Found a white marble altar of Elyvilon.
  2822 | D:3      | Found a broken altar of Ashenzari.
  2950 | D:3      | Found a radiant altar of Vehumet.
  3381 | D:2      | Bought a scroll labelled TOALIOSUCA for 24 gold pieces
  3404 | D:1      | Bought a potion of curing for 39 gold pieces
  3656 | D:4      | Found a staircase to the Ecumenical Temple.
  4219 | D:5      | Noticed an ice beast
  4224 | D:5      | Killed an ice beast
  4225 | D:5      | Reached XP level 7. HP: 64/64 MP: 6/6
  4490 | D:5      | Found a shimmering blue altar of Sif Muna.
  4625 | D:5      | Noticed Edmund
  4629 | D:5      | Killed Edmund
  4735 | D:5      | Identified the +1 ring mail of a Labyrinth {+Inv}
  4899 | D:5      | Noticed Pikel
  4912 | D:5      | Killed Pikel
  4913 | D:5      | Reached skill level 5 in Ranged Weapons
  4913 | D:5      | Reached XP level 8. HP: 60/73 MP: 7/7
  5812 | D:6      | Reached XP level 9. HP: 56/83 MP: 8/8
  5963 | D:6      | Found a transporter.
  5973 | D:6      | Noticed tarna41's ghost (novice OpBe)
  5979 | D:6      | Identified the +3 buckler of Protective Custody {Drain
                  | rN+++ rCorr Dex+2}
  6087 | D:6      | Found a transporter.
  6521 | D:7      | Slain by a wight

Illustrated notes

Levels and vault maps discovered:
D:1:      onia_arrival_zoo_common, layout_basic, ebering_ecumenical_altar_hall,
          serial_shops, nicolae_shop_trees, minivault_27
D:2:      layout_loops_cross, serial_shops, nicolae_shop_bloodbath_and_beyond,
          nicolae_shop_overgrown_old_shop, minmay_heptomino_d4
D:3:      minmay_roachtagon, layout_rooms, amcnicky_altar_gilded,
          nemelex_spade_bored_becter, mainiacjoe_overflow_swirl,
          kennysheep_boxes, uniq_crazy_yiuf_cottage
D:4:      nicolae_cairo_tiling_very_big, layout_basic,
          mainiacjoe_overflow_chevrons, tso_metal_star, kennysheep_mini,
          minmay_temple_entry_nine_rooms, uniq_duvessa
D:5:      layout_basic, slow_altar_1, lemuel_blue_sif_altar, uniq_edmund,
          uniq_pikel
D:6:      hellmonk_destroyed_diamonds, layout_loops_cross,
          gammafunk_ghost_gnarly_gnolls, minmay_misc_feat_ornament
D:7:      layout_cave_pools, gammafunk_ghost_split

Skill      XL: |  1  2  3  4  5  6  7  8  9 |
---------------+----------------------------+-----
Fighting       | 4 5 6 7 9 |  9.3
Axes           | 4 5 7 8 9 |  9.0
Maces & Flails | 1 2 |  2.4
Ranged Weapons | 1 2 3 4 5 7 |  7.5
Armour         | |  2.4
Dodging        | |  2.1

Action                     |  1- 3 |  4- 6 |  7- 9 || total
---------------------------+-------+-------+-------++-------
  Melee: Hand axe          |    19 |       |       ||    19
         Headbutt          |     7 |    17 |    26 ||    50
         Mace              |     8 |    71 |       ||    79
         War axe           |       |    45 |   132 ||   177
         Punch             |       |     1 |       ||     1
   Fire: Sling             |    10 |    19 |     4 ||    33
         Shortbow          |       |       |     5 ||     5
  Throw: Stone             |       |     4 |       ||     4
         Dart              |       |     3 |     4 ||     7
         Throwing net      |       |       |     1 ||     1
 Invoke: Berserk           |     1 |     3 |     4 ||     8
         Trog's Hand       |       |     1 |     5 ||     6
  Evoke: Wand              |       |     2 |       ||     2
    Use: Scroll            |     3 |     1 |     2 ||     6
 Armour: Animal skin       |     2 |       |       ||     2
         Chain mail        |       |    60 |       ||    60
         Plate armour      |       |    23 |    86 ||   109
  Dodge: Dodged            |    29 |    49 |    44 ||   122

Table legend: (Time is in decaauts)
 A = Elapsed time spent in this place.
 B = Non-inter-level travel time spent in this place.
 C = Inter-level travel time spent in this place.
 D = Time resting spent in this place.
 E = Time spent auto-exploring this place.
 F = Levels seen in this place.
 G = Mean time per level.
                   A        B        C        D        E       F      G
               +--------+--------+--------+--------+--------+-----+--------+
         Total |   6637 |   6040 |    597 |    725 |   3966 |   7 |  948.1 |
       Dungeon |   6637 |   6040 |    597 |    725 |   3966 |   7 |  948.1 |
               +--------+--------+--------+--------+--------+-----+--------+

Top non-repeatable levels by time:
     D:5: 1730 daAuts
     D:6: 1085 daAuts
     D:2: 1034 daAuts
     D:4: 1003 daAuts
     D:3: 878 daAuts
     D:1: 815 daAuts
     D:7: 89 daAuts
